 Dungeon Crawl Stone Soup version 0.31-a0-1576-ga3383bade6 (webtiles) character file.

Game seed: 10067492457468177044

9 Flugslaktarn the Apothecary (level 2, -1/17 HPs)
             Began as an Octopode Alchemist on Jan 4, 2024.
             Slain by a gnoll
             ... wielding a +0 flail
              (10 damage)
             ... on level 2 of the Dungeon.
             The game lasted 00:00:32 (116 turns).

Flugslaktarn the Apothecary (Octopode Alchemist)     Turns: 116, Time: 00:00:33

Health: -1/17      AC:  1    Str:  7    XL:     2   Next: 12%
Magic:  1/5        EV: 10    Int: 17    God:
Gold:   33         SH:  0    Dex: 12    Spells: 4/5 levels left

rFire   . . .        e - +0 dagger
rCold   . . .        (no shield)
rNeg    . . .        (helmet restricted)
rPois   .            (no amulet)
rElec   .            (no ring)
rCorr   .            (no ring)
SInv    .            (no ring)
Will    .....        (no ring)
Stlth   +++          (no ring)
HPRegen 0.22/turn    (no ring)
MPRegen 0.09/turn    (no ring)
                     (no ring)

%: no passive effects
@: constricted
A: almost no armour, amphibious, 8 rings, camouflage 1, gelatinous body 1,
(nimble swimmer 1), tentacles
a: no special abilities


You were on level 2 of the Dungeon.
You visited 1 branch of the dungeon, and saw 2 of its levels.

You collected 33 gold pieces.

Inventory:

Hand Weapons
 c - a +0 hand axe
   (You found it on level 1 of the Dungeon)
 e - a +0 dagger (weapon)
   (You found it on level 1 of the Dungeon)
Scrolls
 b - a scroll of enchant armour {unknown}
 d - a scroll of blinking {unknown}
Potions
 a - a potion of magic


   Skills:
 - Level 2.0 Dodging
 - Level 2.6 Stealth
 + Level 2.2 Spellcasting
 - Level 1.0 Conjurations
 * Level 3.7 Alchemy


You had 4 spell levels left.
You knew the following spells:

 Your Spells              Type           Power      Damage    Failure   Level
a - Sting                 Conj/Alch      40%        1d5       7%          1

Your spell library contained the following spells:

 Spells                   Type           Power      Damage    Failure   Level
 Mercury Vapours          Alch/Air       16%        N/A       13%         2
 Mephitic Cloud           Conj/Alch/Air  7%         N/A       30%         3
 Olgreb's Toxic Radiance  Alch           14%        N/A       36%         4
 Sticky Flame             Fire/Alch      8%         2d4       65%         4


Dungeon Overview and Level Annotations

Branches:
Dungeon (2/15)

Altars:


Innate Abilities, Weirdness & Mutations

You cannot wear most types of armour.
You are amphibious.
You can wear up to eight rings at the same time.
Your skin changes colour to match your surroundings (Stealth+).
Your rubbery body absorbs attacks. (AC +1, EV +1)
((You are camouflaged when in or above water. (Stealth+)))
You have tentacles for arms and can constrict up to eight enemies at once.


Message History

Aiming: Sting (safe; 8% risk of failure)
Press: ? - help, Shift-Dir - straight line, f - goblin
Aim: a goblin, wielding a +0 dagger (asleep, 100% to hit)
The sting hits the goblin.
The goblin is poisoned.
The goblin is heavily wounded.
The goblin shouts!
The goblin hits you with a +0 dagger.
You hit the goblin.
You kill the goblin!
Things that are here:
a +0 dagger; a goblin corpse HP restored.
Magic restored.
You see here a ball python corpse.
There is an escape hatch in the floor here.
You slide downwards.
The hatch slams shut behind you.
Found 11 gold pieces and a helmet.
Unknown command.
Casting: Sting (safe; 8% risk of failure)
Confirm with . or Enter, or press ? or * to list all spells.
Aiming: Sting (safe; 8% risk of failure)
Press: ? - help, Shift-Dir - straight line, f - quokka
Aim: a quokka (wandering, hasn't noticed you, 56% to hit)
The sting hits the quokka.
The quokka is poisoned.
The quokka is severely wounded.
You kill the quokka!
Casting: Sting (safe; 8% risk of failure)
Confirm with . or Enter, or press ? or * to list all spells.
Aiming: Sting (safe; 8% risk of failure)
Press: ? - help, Shift-Dir - straight line, f - giant cockroach
Aim: a giant cockroach (asleep, 100% to hit)
The sting hits the giant cockroach.
The giant cockroach is poisoned.
The giant cockroach is almost dead.
You kill the giant cockroach!
You have reached level 2!
A gnoll comes into view. It is wielding a +0 flail.
Found a ring mail.
Casting: Sting (safe; 7% risk of failure)
Confirm with . or Enter, or press ? or * to list all spells.
You can't see any susceptible monsters within range! (Use Z to cast anyway.)
The gnoll shouts!
A gnoll comes into view. It is wielding a +0 spear.
You see here 11 gold pieces.
You now have 33 gold pieces (gained 11).
A gnoll comes into view. It is wielding a +0 flail.
The goblin shouts!
Found a club.
The goblin attacks as it pursues you! The goblin hits you but does no damage.
Casting: Sting (safe; 7% risk of failure)
Confirm with . or Enter, or press ? or * to list all spells.
Aiming: Sting (safe; 7% risk of failure)
Press: ? - help, Shift-Dir - straight line, f - goblin
Aim: a goblin, wielding a +0 dagger (60% to hit)
The sting hits the goblin.
The goblin is poisoned.
You kill the goblin!
A rat and a ball python come into view.
Found a bound golden ring.
The rat barely misses you. The rat attacks as it pursues you!
The rat bites you.
The ball python hisses angrily.
The rat bites you.
You open the door. The ball python completely misses you.
The ball python grabs you. The ball python constricts you.
The rat barely misses you.
You escape the ball python's grasp.
The rat attacks as it pursues you! The rat bites you but does no damage.
There is an open door here.
A ball python comes into view.
The ball python closely misses you. The ball python grabs you.
The ball python constricts you. The rat attacks as it pursues you!
The rat bites you but does no damage.
You escape the ball python's grasp.
The ball python hisses angrily.
The teleport trap disappears.
The ball python disappears!
The ball python barely misses you. The ball python grabs you.
The ball python constricts you.
You escape the ball python's grasp.
Okay, then.
Okay, then.
Casting: Sting (safe; 7% risk of failure)
Confirm with . or Enter, or press ? or * to list all spells.
Aiming: Sting (safe; 7% risk of failure)
Press: ? - help, Shift-Dir - straight line, f - gnoll
Aim: a gnoll, wielding a +0 flail (75% to hit)
The sting hits the gnoll but does no damage.
The gnoll is poisoned.
The ball python completely misses you. The ball python grabs you.
The ball python constricts you. The gnoll hits you with a +0 flail.
Casting: Sting (safe; 7% risk of failure)
Confirm with . or Enter, or press ? or * to list all spells.
Aiming: Sting (safe; 7% risk of failure)
Press: ? - help, Shift-Dir - straight line, f/p - gnoll
Aim: a gnoll, wielding a +0 flail (lightly wounded, poisoned, 75% to hit)
The sting hits the gnoll but does no damage.
The gnoll looks even sicker.
The gnoll is lightly wounded.
The ball python bites you. The ball python constricts you.
The gnoll hits you with a +0 flail!
Ouch! That really hurt!
You die...

#.# #. #####'#######
#. #...........# #.
#...=.......# #.
#...........# #.
#...........# #.
#######........)..###.
#.....S..............)
#....@gr....##########
#...........#
#...........#
#...........#
#...........#
#...........#
#...........#
#...........#


You could see a gnoll (very poisoned), a ball python and a rat.

Vanquished Creatures
  A ball python (D:1)
  A giant cockroach (D:2)
  2 goblins
  A hobgoblin (D:1)
  A quokka (D:2)
  A frilled lizard (D:1)
7 creatures vanquished.

Notes
Turn   | Place    | Note
-------+----------+-------------------------------------------
     0 | D:1      | Flugslaktarn the Octopode Alchemist began the quest for the
                  | Orb.
     0 | D:1      | Reached XP level 1. HP: 11/11 MP: 3/3
    84 | D:2      | Reached XP level 2. HP: 17/17 MP: 1/5
   116 | D:2      | Slain by a gnoll

Illustrated notes

Levels and vault maps discovered:
D:1:      onia_arrival_mini_spirals, layout_rooms,
          shapermc_ecumenical_altar_rom_forum
D:2:      layout_basic

Action                     || total
---------------------------++-------
  Melee: Dagger            ||     3
         Hand axe          ||     1
         Constrict         ||     1
   Cast: Sting             ||     8
 Armour: Skin              ||    11
  Dodge: Dodged            ||     8

Table legend: (Time is in decaauts)
 A = Elapsed time spent in this place.
 B = Non-inter-level travel time spent in this place.
 C = Inter-level travel time spent in this place.
 D = Time resting spent in this place.
 E = Time spent auto-exploring this place.
 F = Levels seen in this place.
 G = Mean time per level.
                   A        B        C        D        E       F      G
               +--------+--------+--------+--------+--------+-----+--------+
         Total |    115 |     99 |     16 |      0 |      1 |   2 |   57.5 |
       Dungeon |    115 |     99 |     16 |      0 |      1 |   2 |   57.5 |
               +--------+--------+--------+--------+--------+-----+--------+

Top non-repeatable levels by time:
     D:1: 78 daAuts
     D:2: 36 daAuts
